 Dungeon Crawl Stone Soup version 0.18.1-8-gdd0e5ea (webtiles) character file.

258 Rkyn the Skirmisher (level 6, -3/66 HPs)
             Began as an Ogre Berserker on May 31, 2016.
             Was a Believer of Trog.
             Slain by a gnoll
             ... wielding a +0 flail
              (10 damage)
             ... on level 3 of the Dungeon.
             The game lasted 00:08:48 (1842 turns).

Rkyn the Skirmisher (Ogre Berserker)                Turns: 1842, Time: 00:08:48

Health: -3/66      AC:  3    Str: 24 (25) XL:     6   Next: 16%
Magic:  6/6        EV:  7    Int:  9 (11) God:    Trog [**....]
Gold:   118        SH:  7    Dex:  7 (9)  Spells: 0 memorised, 5 levels left

rFire  . . .     SeeInvis .     a - +0 mace
rCold  . . .     Gourm    .     h - +0 robe
rNeg   . . .     Faith    .     l - +0 shield
rPois  .         Spirit   .     (helmet restricted)
rElec  .         Dismiss  .     (no cloak)
rCorr  .         Reflect  .     (gloves unavailable)
SustAt .         Harm     .     (boots unavailable)
MR     .....                    (no amulet)
Stlth  +.........               (no ring)
                                (no ring)

@: brilliant, exhausted, flying, not resistant to hostile enchantments, very
unstealthy
A: unfitting armour, tough skin 1
a: Berserk, Trog's Hand, Burn Spellbooks, Renounce Religion


You were on level 3 of the Dungeon.
You worshipped Trog.
Trog was pleased with you.
You were not hungry.

You visited 1 branch of the dungeon, and saw 3 of its levels.

You collected 118 gold pieces.

Inventory:

Hand Weapons
 a - a +0 mace (weapon)
Armour
 h - a +0 robe (worn)
 l - a +0 shield (worn)
 r - a +0 cloak
Scrolls
 d - 7 scrolls of identify {unknown}
 e - a scroll of remove curse {unknown}
 f - a scroll of amnesia {unknown}
 g - a scroll of magic mapping {unknown}
 j - a scroll of immolation {unknown}
 m - a scroll of enchant armour {unknown}
Potions
 b - a potion of curing
 o - a potion of heal wounds {unknown}
 q - a potion of cancellation {unknown}
Comestibles
 c - 2 bread rations
 p - a beef jerky


   Skills:
 + Level 5.4 Fighting
 + Level 5.3 Maces & Flails
 + Level 4.5 Dodging
 + Level 1.0 Stealth
 + Level 0.6 Shields


You had 5 spell levels left.
You didn't know any spells.

Dungeon Overview and Level Annotations

Branches:
Dungeon (3/15)

Altars:


Innate Abilities, Weirdness & Mutations

You are too large for most types of armour.
You have tough skin (AC +1).


Message History

* * * LOW HITPOINT WARNING * * *
The gnoll barely misses you. x2
Drink which item? (? for menu, Esc to quit)
It was a potion of flight.
You feel very buoyant.
You fly up into the air.
You feel yourself speed up. The gnoll barely misses you.
You block the gnoll's attack.
Drink which item? (? for menu, Esc to quit)
It was a potion of brilliance.
You feel clever all of a sudden.
The gnoll hits you from afar with a halberd!
* * * LOW HITPOINT WARNING * * *
You block the gnoll's attack.
Drink which item? (? for menu, Esc to quit)
It was a potion of degeneration.
There was something very wrong with that liquid.
You feel weakened.
You feel dopey.
You feel clumsy. You block the gnoll's attack. The gnoll hits you with a flail!
You die...

#...............
#........#...............
#........#...............
#....=...#...........)...
#....g...#...........รท...
....... #...............
..g. #...............
###'####...............
#...gg@................
#...g###...............
#....# #...............
#....# #...............
#....# #...............
#....# #...............
#....# #.......... ######
.......


You could see 3 gnolls.

Vanquished Creatures
  The ghost of blejac99 the Shield-Bearer, an amateur HuFi of the Shining One (D:3)
  A big kobold (D:3)
  An adder (D:2)
  2 worms (D:2)
  2 giant geckos
  5 bats (D:1)
  3 giant cockroaches
  3 goblins (D:1)
  6 hobgoblins
  2 quokkas (D:2)
  3 giant newts
  4 kobolds
  11 rats
44 creatures vanquished.

Notes
Turn   | Place    | Note
--------------------------------------------------------------
     0 | D:1      | Rkyn the Ogre Berserker began the quest for the Orb.
     0 | D:1      | Reached XP level 1. HP: 24/24 MP: 1/1
   129 | D:1      | Reached XP level 2. HP: 29/32 MP: 2/2
   536 | D:1      | Reached ** piety under Trog
   824 | D:2      | Reached XP level 3. HP: 30/39 MP: 3/3
  1411 | D:2      | Found a faded altar to an unknown god.
  1579 | D:3      | Noticed a big kobold
  1596 | D:3      | Killed a big kobold
  1596 | D:3      | Reached XP level 4. HP: 4/49 MP: 4/4
  1596 | D:3      | Reached XP level 5. HP: 5/55 MP: 5/5
  1790 | D:3      | Reached skill level 5 in Fighting
  1807 | D:3      | Noticed blejac99's ghost (amateur HuFi)
  1818 | D:3      | Killed blejac99's ghost
  1818 | D:3      | Reached skill level 5 in Maces & Flails
  1818 | D:3      | Reached skill level 1 in Stealth
  1818 | D:3      | Reached XP level 6. HP: 24/66 MP: 6/6
  1842 | D:3      | Slain by a gnoll

Skill      XL: |  1  2  3  4  5 |
---------------+----------------+-----
Dodging        | 3 4 |  4.5
Fighting       | 5 |  5.4
Maces & Flails | 5 |  5.3
Stealth        | 1 |  1.0
Shields        | |  0.6

Action                   |  1- 3 |  4- 6 || total
-------------------------+-------+-------++-------
Melee: Mace              |   121 |    18 ||   139
Invok: Berserk           |     1 |     1 ||     2
  Use: Potion            |       |     4 ||     4
 Stab: Sleeping          |     1 |       ||     1
  Eat: Fruit             |     4 |       ||     4
       Bread ration      |       |     1 ||     1
Armor: Animal skin       |    25 |       ||    25
       Robe              |    12 |     2 ||    14
Dodge: Dodged            |    65 |     6 ||    71
Block: Shield            |    10 |     9 ||    19
